 Dungeon Crawl Stone Soup version 0.24.0-1-gfbc8707122 (webtiles) character file.

Game seed: 9952048858977673458, levelgen mode: deterministic

125 Mrkan the Skirmisher (level 5, -4/57 HPs)
             Began as an Ogre Berserker on Oct 28, 2019.
             Was a Believer of Trog.
             Slain by Crazy Yiuf
             ... wielding a +4 quarterstaff of chaos
              (12 damage)
             ... on level 2 of the Dungeon.
             The game lasted 00:04:15 (2696 turns).

Mrkan the Skirmisher (Ogre Berserker)               Turns: 2696, Time: 00:04:16

Health: -4/57      AC:  3    Str: 21    XL:     5   Next: 9%
Magic:  5/5        EV: 10    Int:  8    God:    Trog [**....]
Gold:   144        SH:  0    Dex:  9    Spells: 4/4 levels left

rFire    . . .     SeeInvis .   g - +0 whip (elec)
rCold    . . .     Gourm    .   (no shield)
rNeg     . . .     Faith    .   b - +0 animal skin
rPois    .         Spirit   .   (helmet restricted)
rElec    .         Reflect  .   (no cloak)
rCorr    .         Harm     .   (gloves unavailable)
MR       .....                  (boots unavailable)
Stlth    +.........             (no amulet)
HPRegen  0.19/turn              (no ring)
MPRegen  0.09/turn              (no ring)

@: confused, very slightly contaminated, invisible
A: large, unfitting armour, tough skin 1
a: Berserk, Trog's Hand, Renounce Religion


You were on level 2 of the Dungeon.
You worshipped Trog.
Trog was pleased with you.
You were hungry.

You visited 1 branch of the dungeon, and saw 2 of its levels.

You collected 144 gold pieces.

Inventory:

Hand Weapons
 a - a +0 mace
 g - a +0 whip of electrocution (weapon)
Missiles
 h - 127 stones (quivered)
Armour
 b - a +0 animal skin (worn)
Wands
 q - a wand of enslavement (12)
 r - a wand of polymorph (9)
Scrolls
 d - 3 scrolls of identify {unknown}
 k - a scroll of magic mapping {unknown}
 l - 2 scrolls of remove curse {unknown}
 n - a scroll of enchant armour {unknown}
Potions
 e - a potion of brilliance {unknown}
 f - 2 potions of flight {unknown}
 i - a potion of lignification {unknown}
 j - a potion of berserk rage {unknown}
 o - 2 potions of curing {unknown}
 p - a potion of ambrosia {unknown}
Comestibles
 c - 5 rations


   Skills:
 + Level 5.3 Fighting
 * Level 4.4 Maces & Flails
 - Level 2.6 Dodging


You had 4 spell levels left.
You didn't know any spells.
Your spell library was empty.

Dungeon Overview and Level Annotations

Branches:
Dungeon (2/15)

Altars:
Ashenzari
Dithmenos

Annotations:
D:2 Crazy Yiuf


Innate Abilities, Weirdness & Mutations

You are too large for most types of armour.
You have tough skin. (AC +1)


Message History

You are confused.
You barely miss Crazy Yiuf.
Crazy Yiuf is severely wounded.
Crazy Yiuf laughs, "Walk turtle snockshim!"
Crazy Yiuf hits you with a +4 quarterstaff of chaos!
You fade into invisibility!
You are very lightly contaminated with residual magic.
You hit Crazy Yiuf.
Crazy Yiuf is severely wounded.
You hit Crazy Yiuf.
Crazy Yiuf is almost dead.
Crazy Yiuf says, "Buddy bush sanguine!"
Crazy Yiuf hits you with a +4 quarterstaff of chaos!
* * * LOW HITPOINT WARNING * * *
Crazy Yiuf burns you.
* * * LOW HITPOINT WARNING * * *
You're too confused!
You bump into the tree.
Crazy Yiuf hits you with a +4 quarterstaff of chaos!
You die...

#.............##.##..
##########....##.##..
#....##.##.. #####
#....##..... #..)#
#....####### #...#
###### #. ... #. #g#
#. ♣♣@♣ #. ♣.♣♣ #.
♣♣.♣ #. ♣.♣♣ #. ♣♣.♣♣
#. ♣.♣.♣♣ #. ♣....♣
#. #....# #.
#....##############.


You could see Crazy Yiuf.

Vanquished Creatures
  Jessica (D:2)
  Robin (D:2)
  2 adders (D:2)
  An ooze (D:1)
  2 worms (D:2)
  2 dart slugs
  A leopard gecko (D:2)
  9 bats
  3 giant cockroaches
  11 goblins
  6 hobgoblins
  5 kobolds
  6 frilled lizards
  6 rats
56 creatures vanquished.

Notes
Turn   | Place    | Note
-------+----------+-------------------------------------------
     0 | D:1      | Mrkan the Ogre Berserker began the quest for the Orb.
     0 | D:1      | Reached XP level 1. HP: 24/24 MP: 1/1
   260 | D:1      | Reached XP level 2. HP: 32/32 MP: 2/2
   959 | D:1      | Reached XP level 3. HP: 34/40 MP: 3/3
  1480 | D:2      | Reached ** piety under Trog
  1706 | D:2      | Noticed Jessica
  1733 | D:2      | Reached XP level 4. HP: 28/49 MP: 4/4
  1736 | D:2      | Killed Jessica
  1736 | D:2      | Reached skill level 5 in Fighting
  2010 | D:2      | Noticed Robin
  2025 | D:2      | Killed Robin
  2212 | D:2      | Reached XP level 5. HP: 57/57 MP: 5/5
  2263 | D:2      | Found a shadowy altar of Dithmenos.
  2490 | D:2      | Found a shattered altar of Ashenzari.
  2686 | D:2      | Found a runed translucent door.
  2687 | D:2      | Noticed Crazy Yiuf
  2696 | D:2      | Slain by Crazy Yiuf

Levels and vault maps discovered:
D:1:      dpeg_arrival_circle_labyrinth_b, layout_loops_corners
D:2:      layout_basic, lemuel_doored_altar, grunt_dithmenos_smoke, uniq_robin,
          uniq_jessica, uniq_crazy_yiuf_cottage

Skill      XL: |  1  2  3  4 |
---------------+-------------+-----
Maces & Flails | 3 4 |  4.4
Fighting       | 5 |  5.3
Dodging        | |  2.6

Action                   |  1- 3 |  4- 6 || total
-------------------------+-------+-------++-------
Melee: Mace              |    22 |       ||    22
       Whip              |    94 |    55 ||   149
  Eat: Chunk             |     3 |     2 ||     5
Armor: Animal skin       |    39 |    20 ||    59
Dodge: Dodged            |    69 |    36 ||   105
